 Dungeon Crawl Stone Soup version 0.21-a0-82-gdb84782 (webtiles) character file.

298 Manul the Skirmisher (level 6, 0/67 HPs)
             Began as an Octopode Abyssal Knight on June 24, 2017.
             Was a Priest of Lugonu.
             Slain by an ogre
             ... wielding a +0 giant spiked club
              (16 damage)
             ... on level 4 of the Dungeon.
             The game lasted 00:04:55 (3727 turns).

Manul the Skirmisher (Octopode Abyssal Knight)      Turns: 3727, Time: 00:04:56

Health: 0/67       AC: 23    Str:  9 (11) XL:     6   Next: 35%
Magic:  7/7        EV:  2    Int: 15 (16) God:    Lugonu [***...]
Gold:   265        SH:  2    Dex:  9 (12) Spells: 5/5 levels left

rFire    . . .     SeeInvis .   a - +1 spear
rCold    + . .     Gourm    .   r - +0 buckler
rNeg     + + +     Faith    .   (helmet currently unavailable)
rPois    +         Spirit   .   (no amulet)
rElec    .         Reflect  .   t - ring of protection from cold
rCorr    .         Harm     .   (no ring)
MR       .....     NoTele   +   (no ring)
Stlth    +++.......             (no ring)
HPRegen  0.21/turn              (no ring)
MPRegen  0.10/turn              (no ring)
                                (no ring)
                                (no ring)

@: tree-form
A: almost no armour, stealthy swim, (amphibious), 8 rings, (constrict 8)
a: Depart the Abyss, Bend Space, Banish, Renounce Religion


You were on level 4 of the Dungeon.
You worshipped Lugonu.
Lugonu was most pleased with you.
You were not hungry.
You were a tree.
You visited 1 branch of the dungeon, and saw 4 of its levels.
You visited the Abyss 1 time.

You collected 265 gold pieces.

Inventory:

Hand Weapons
 a - a +1 spear (weapon)
 i - a +0 short sword of holy wrath
Armour
 r - a +0 buckler (worn)
Jewellery
 t - a ring of protection from cold (left branch)
Scrolls
 j - 4 scrolls of identify {unknown}
 k - 2 scrolls of enchant armour {unknown}
 m - 2 scrolls of teleportation {unknown}
 p - a scroll of amnesia
 v - a scroll of immolation {unknown}
 w - 2 scrolls of noise {unknown}
Potions
 h - a potion of lignification
 n - a potion of agility {unknown}
 o - a potion of berserk rage {unknown}
 q - a potion of brilliance {unknown}
 u - a potion of heal wounds {unknown}
Miscellaneous
 c - a sack of spiders
 d - a crystal ball of energy
Comestibles
 b - 6 bread rations
 f - 8 fruits
 g - 3 meat rations
 l - 2 royal jellies
 x - 4 chunks of flesh


   Skills:
 + Level 5.0 Fighting
 + Level 3.3 Polearms
 + Level 2.7 Dodging
 + Level 4.8 Stealth
 - Level 2.0 Invocations
 * Level 0.2 Evocations


You had 5 spell levels left.
You didn't know any spells.

Dungeon Overview and Level Annotations

Branches:
Dungeon (4/15)
 Temple: D:4-7

Altars:
Gozag
Kikubaaqudgha
Yredelemnul

Annotations:
D:3 Crazy Yiuf


Innate Abilities, Weirdness & Mutations

You cannot wear most types of armour.
You are very stealthy in the water. (Stealth+)
((You are amphibious.))
You can wear up to eight rings at the same time.
((You can use your tentacles to constrict eight enemies at once.))
((Your skin changes colour to match your surroundings (Stealth+).))
((Your rubbery body absorbs attacks. (AC +1, EV +1)))


Message History

You barely miss the ogre.
The ogre is almost dead.
The frilled lizard bites you.
* * * LOW HITPOINT WARNING * * *
The ogre hits you but does no damage.
You hit the ogre.
The ogre is almost dead.
The frilled lizard bites you.
* * * LOW HITPOINT WARNING * * *
The ogre hits you with a giant spiked club!
* * * LOW HITPOINT WARNING * * *
Unknown command.
You feel better.
The frilled lizard bites you but does no damage.
It was a potion of degeneration.
There was something very wrong with that liquid.
You feel weakened.
You feel dopey.
You feel clumsy.
The frilled lizard bites you but does no damage.
The ogre hits you with a giant spiked club!
You die...

######
#..<.##
#.##♣l#
# ##O.#
#..#
#...
#....
....
... ..


You could see an ogre and a frilled lizard.

Vanquished Creatures
  A small abomination (Abyss:2)
  Robin (D:3)
  A gnoll (D:1)
  4 adders (D:3)
  2 oozes (D:2)
  2 worms (D:2)
  3 dart slugs
  3 leopard geckos
  5 orcs (D:3)
  3 giant cockroaches
  16 goblins
  13 hobgoblins
  7 jackals
  2 quokkas (D:2)
  2 ball pythons
  11 bats
  7 frilled lizards
  7 kobolds
  10 rats
100 creatures vanquished.

Vanquished Creatures (others)
  A lurking horror (Abyss:2)
  7 toadstools (D:1)
8 creatures vanquished.

Grand Total: 108 creatures vanquished

Notes
Turn   | Place    | Note
-------+----------+-------------------------------------------
     0 | Abyss:1  | Manul the Octopode Abyssal Knight began the quest for the Orb.
     0 | Abyss:1  | Reached XP level 1. HP: 16/16 MP: 2/2
    46 | Abyss:2  | Noticed a quasit
    87 | Abyss:2  | Noticed a small abomination
   102 | Abyss:2  | Killed a small abomination
   102 | Abyss:2  | Reached skill level 4 in Fighting
   102 | Abyss:2  | Reached XP level 2. HP: 14/23 MP: 3/3
   102 | Abyss:2  | Reached XP level 3. HP: 17/28 MP: 4/4
   102 | Abyss:2  | Reached XP level 4. HP: 21/34 MP: 5/5
   141 | Abyss:2  | Noticed a spatial maelstrom
   144 | Abyss:2  | Noticed a spatial vortex
   174 | Abyss:2  | Found a corrupted altar of Lugonu.
   176 | Abyss:2  | Noticed a large abomination
   184 | Abyss:2  | Noticed an ancient zyme
   191 | Abyss:2  | Noticed an ancient zyme
   202 | D:1      | Escaped the Abyss
  1168 | D:1      | Reached XP level 5. HP: 38/38 MP: 6/6
  1176 | D:1      | Reached * piety under Lugonu
  1957 | D:2      | Found an ancient bone altar of Kikubaaqudgha.
  2216 | D:2      | Reached ** piety under Lugonu
  2494 | D:3      | Found an opulent altar of Gozag.
  2531 | D:3      | Found a basalt altar of Yredelemnul.
  2586 | D:3      | Noticed Robin
  2610 | D:3      | Reached XP level 6. HP: 25/45 MP: 7/7
  2615 | D:3      | Killed Robin
  2820 | D:3      | Reached *** piety under Lugonu
  3332 | D:3      | Found a runed door.
  3575 | D:3      | Reached skill level 5 in Fighting
  3670 | D:3      | Noticed Crazy Yiuf
  3727 | D:4      | Slain by an ogre

Vault maps used:
D:1:      nagdon_arrival_double_spiral
D:2:      kiku_gazebo_garden_becter
D:3:      nicolae_gozag_seed_capital, first_bread, st_stairs_7,
          yredelemnul_altar_generic, uniq_crazy_yiuf_cottage, uniq_robin
D:4:      ashenzari_altar_1, nrook_uturn

Skill      XL: |  1  2  3  4  5  6 |
---------------+-------------------+-----
Fighting       | 4 5 |  5.0
Stealth        | 3 4 |  4.8
Polearms       | 3 |  3.3
Dodging        | |  2.7
Invocations    | |  2.0
Evocations     | |  0.2

Action                   |  1- 3 |  4- 6 || total
-------------------------+-------+-------++-------
Melee: Spear             |     5 |   245 ||   250
       Tentacles         |     3 |    26 ||    29
       Constrict         |       |    46 ||    46
Invok: Depart the Abyss  |       |     1 ||     1
Evoke: Sack of spiders   |     3 |       ||     3
  Use: Scroll            |     1 |       ||     1
       Potion            |       |     4 ||     4
 Stab: Sleeping          |       |    27 ||    27
       Distracted        |       |     2 ||     2
  Eat: Chunk             |       |     9 ||     9
Armor: Skin              |       |    20 ||    20
Dodge: Dodged            |     8 |    85 ||    93
Block: Buckler           |       |     7 ||     7
